 Dungeon Crawl Stone Soup version 0.18-b1-22-ge198996 (webtiles) character file.

357 SkaryMonk the Cudgeler (level 6, -2/34 HPs)
             Began as a Tengu Artificer on May 4, 2016.
             Was a Believer of Cheibriados.
             Slain by an orc wizard
             ... wielding a +0 dagger
              (5 damage)
             ... on level 4 of the Dungeon.
             The game lasted 00:13:38 (3578 turns).

SkaryMonk the Cudgeler (Tengu Artificer)            Turns: 3578, Time: 00:13:39

Health: -2/34      AC:  4    Str: 18    XL:     6   Next: 64%
Magic:  9/9        EV:  7    Int: 19    God:    Cheibriados [**....]
Gold:   135        SH:  0    Dex: 21    Spells: 0 memorised, 5 levels left

rFire  + . .     SeeInvis .     h - -3 dagger (curse)
rCold  . . .     Gourm    .     b - +1 leather armour
rNeg   . . .     Faith    .     (no shield)
rPois  .         Spirit   .     (helmet restricted)
rElec  .         Dismiss  .     (no cloak)
rCorr  .         Reflect  .     (no gloves)
SustAt .         Harm     .     (boots unavailable)
MR     .....                    (no amulet)
Stlth  ++........               (no ring)
                                k - ring of protection from fire

@: drained, very slow, not resistant to hostile enchantments, unstealthy
A: beak, talons 3, able to fly 1
a: Fly, Bend Time, Renounce Religion


You were on level 4 of the Dungeon.
You worshipped Cheibriados.
Cheibriados was pleased with you.
You were not hungry.

You visited 1 branch of the dungeon, and saw 4 of its levels.

You collected 135 gold pieces.

Notes
Turn   | Place    | Note
--------------------------------------------------------------
     0 | D:1      | SkaryMonk the Tengu Artificer began the quest for the Orb.
     0 | D:1      | Reached XP level 1. HP: 12/12 MP: 4/4
    38 | D:1      | Reached XP level 2. HP: 3/16 MP: 5/5
   670 | D:1      | Reached XP level 3. HP: 17/20 MP: 6/6
  1011 | D:2      | Noticed Terence
  1033 | D:2      | Killed Terence
  1221 | D:2      | Found a snail-covered altar of Cheibriados.
  1229 | D:2      | Became a worshipper of Cheibriados the Contemplative
  1314 | D:2      | Reached skill level 1 in Maces & Flails
  1314 | D:2      | Reached XP level 4. HP: 25/25 MP: 7/7
  1418 | D:2      | Found a burning altar of Makhleb.
  1638 | D:2      | Found a sparkling altar of Nemelex Xobeh.
  1642 | D:2      | Noticed Ijyb
  1648 | D:2      | Reached * piety under Cheibriados
  1704 | D:2      | Found an iron altar of Okawaru.
  1750 | D:2      | Killed Ijyb
  1750 | D:2      | Reached skill level 2 in Maces & Flails
  1925 | D:2      | Reached skill level 3 in Maces & Flails
  1925 | D:2      | Gained mutation: You can fly. [Tengu growth]
  1925 | D:2      | Reached XP level 5. HP: 16/29 MP: 8/8
  2591 | D:3      | Found a basalt altar of Yredelemnul.
  2614 | D:3      | Found a stormy altar of Qazlal.
  2616 | D:3      | Noticed a fire elemental
  2704 | D:3      | Reached ** piety under Cheibriados
  2736 | D:3      | Noticed an air elemental
  2736 | D:3      | Noticed a water elemental
  2806 | D:3      | Reached skill level 4 in Maces & Flails
  2919 | D:3      | Found a white marble altar of Elyvilon.
  3179 | D:3      | Reached skill level 5 in Maces & Flails
  3179 | D:3      | Reached XP level 6. HP: 25/34 MP: 9/9
  3308 | D:4      | Found Miakk's Assorted Antiques.
  3389 | D:4      | Reached skill level 1 in Invocations
  3571 | D:4      | HP: 1/34 [orc/flail of draining (2)]
  3578 | D:4      | Slain by an orc wizard

Inventory:

Hand Weapons
 a - a +0 short sword
 h - a cursed -3 dagger (weapon)
 i - a cursed -3 spear
 l - a +1 quarterstaff of distortion
 p - a +1 mace of crushing
 t - a +0 trident of venom
Armour
 b - a +1 leather armour (worn)
 g - a storm dragon hide
Jewellery
 k - a ring of protection from fire (left hand)
Wands
 c - a wand of flame (1/48)
 d - a wand of enslavement (0/24)
 e - a wand of random effects (5/48)
Scrolls
 q - 2 scrolls of teleportation
Potions
 j - 2 potions of degeneration
Comestibles
 f - 2 bread rations
 m - a royal jelly
 o - a meat ration
 r - 2 chunks of flesh
 s - a beef jerky

Table legend:
 A = Turns spent in this place as a percentage of turns spent in the entire game.
 B = Non-inter-level travel turns spent in this place as a percentage of non-inter-level travel turns spent in the entire game.
 C = Inter-level travel turns spent in this place as a percentage of turns spent in this place.
 D = Turns resting spent in this place as a percentage of non-inter-level travel turns spent in this place.
 E = Turns spent auto-exploring this place as a percentage of non-inter-level travel turns spent in this place.
 F = Non-inter-level travel turns spent in this place divided by the number of levels of this place that you've seen.
                   A       B       C       D       E      F
               +-------+-------+-------+-------+-------+----------------------
         Total | 100.0 | 100.0 |   0.4 |   2.9 |   9.6 | 261.8
       Dungeon | 100.0 | 100.0 |   0.4 |   2.9 |   9.6 | 261.8
               +-------+-------+-------+-------+-------+----------------------


   Skills:
 - Level 1.0(0.2) Fighting
 - Level 3.8(3.0) Short Blades
 - Level 5.0(4.2) Maces & Flails
 - Level 2.1(1.4) Dodging
 - Level 1.0(0.2) Stealth
 + Level 2.1(1.4) Invocations
 - Level 3.0(2.2) Evocations


You had 5 spell levels left.
You didn't know any spells.

Dungeon Overview and Level Annotations

Branches:
Dungeon (4/15)
 Temple: D:4-7

Altars:
Cheibriados
Elyvilon
Makhleb
Nemelex Xobeh
Okawaru
Qazlal
Yredelemnul

Shops:
D:4 *


Innate Abilities, Weirdness & Mutations

You have a beak for a mouth.
You have claws for feet.
You can fly.


Message History

The orc priest casts a cantrip, but nothing happens.
Evoke which item? (* to show all) (? for menu, Esc to quit)
Zapping:
c - a wand of flame (3/48)
Press: ? - help, Shift-Dir - straight line, f - hound skeleton
Aim: a hound skeleton The puff of flame hits the hound skeleton.
This wand has 2 charges left.
The hound skeleton barely misses you.
The orc priest casts a cantrip, but nothing happens.
Evoke which item? (* to show all) (? for menu, Esc to quit)
Zapping:
c - a wand of flame (2/48)
Press: ? - help, Shift-Dir - straight line, f - hound skeleton
Aim: a hound skeleton The puff of flame hits the hound skeleton.
You destroy the hound skeleton!
Cheibriados appreciates the change of pace.
This wand has 1 charge left.
Something hits you but does no damage.
There is a stone staircase leading down here.
Something hits you.
You die...

#o #. #.##### .
######.#...# #.
#####.# ........a..#
#. ......#
####.###...# #.
..#### #. .....#..##
#. #.#
#...######.#.#..# #.
#.#
#..@.ooh..†..######.
#>#####
#.##########........
#.....# # ########.
#.###.######## #.
#.#..........# #.
#.#.#.######.# #.
#.....# #.# #.
##..### #.# #. #..#
#.# #.


You could see a hound, an orc priest and an orc.

Table legend:
 A = Kills in this place as a percentage of kills in entire the game.
 B = Kills by you in this place as a percentage of kills by you in the entire game.
 C = Kills by friends in this place as a percentage of kills by friends in the entire game.
 D = Other kills in this place as a percentage of other kills in the entire game.
 E = Experience gained in this place as a percentage of experience gained in the entire game.
 F = Experience gained in this place divided by the number of levels of this place that you have seen.
                   A       B       C       D       E      F
               +-------+-------+-------+-------+-------+----------------------
         Total | 100.0 | 100.0 | 100.0 | 100.0 | 100.0 | 127.5
       Dungeon | 100.0 | 100.0 | 100.0 | 100.0 | 100.0 | 127.5
               +-------+-------+-------+-------+-------+----------------------

Vanquished Creatures
  2 hounds (D:4)
  An orc priest (D:3)
  Terence (D:2)
  An orc wizard (D:3)
  A worker ant (D:4)
  2 hound skeletons
  6 adders
  A worm (D:2)
  A dart slug (D:1)
  A giant gecko (D:2)
  9 orcs
  A ball python (D:2)
  13 bats
  3 giant cockroaches
  6 goblins
  7 hobgoblins
  A jackal (D:2)
  8 kobolds
  A quokka (D:2)
  4 giant newts
  7 rats
77 creatures vanquished.

Vanquished Creatures (collateral kills)
  An orc priest (D:3)
  4 orcs
  2 bats
  2 giant cockroaches
  A goblin (D:3)
  A hobgoblin (D:3)
  A jackal (D:3)
  A rat (D:3)
13 creatures vanquished.

Vanquished Creatures (others)
  Ijyb (D:2)
  4 orcs (D:3)
  A goblin (D:1)
6 creatures vanquished.

Grand Total: 96 creatures vanquished

Action                   |  1- 3 |  4- 6 || total
-------------------------+-------+-------++-------
Melee: Short sword       |    56 |       ||    56
       Kick              |    20 |    61 ||    81
       Peck              |     8 |    56 ||    64
       Dagger            |    21 |   197 ||   218
Evoke: Wand              |    24 |    33 ||    57
  Use: Scroll            |     3 |     5 ||     8
       Potion            |     1 |     1 ||     2
 Stab: Sleeping          |       |     3 ||     3
  Eat: Chunk             |     1 |     4 ||     5
Armor: Leather armour    |    45 |    58 ||   103
Dodge: Dodged            |    88 |   155 ||   243

Vault maps used:
D:1:      ncdulo_wetmaze, serial_bayou_pond_a
D:2:      bloody_makhleb, marbit_many_paths, nemelex_xobeh_ov_fountains_minmay,
          lemuel_coloured_pillars_altar, uniq_terence, uniq_iyjb
D:3:      old_standard_altar, elyvilon_altar_5, nicolae_qazlal_style_of_elements
D:4:      serial_shops, shop
